 Dungeon Crawl Stone Soup version 0.27.1-3-gb3d3a73c9e (webtiles) character file.

Game seed: 282102968635759115

9849 Urokeeper the Basher (level 11, -3/106 HPs)
             Began as a Gargoyle Fighter on Oct 22, 2021.
             Was a Priest of Trog.
             Slain by a rust devil (7 damage)
             ... summoned by a kobold demonologist
             ... on level 11 of the Dungeon.
             The game lasted 00:36:44 (8767 turns).

Urokeeper the Basher (Gargoyle Fighter)             Turns: 8767, Time: 00:36:45

Health: -3/106     AC: 16    Str: 24    XL:     11   Next: 52%
Magic:  11/11      EV: 10    Int:  8    God:    Trog [***...]
Gold:   1251       SH: 12    Dex: 15    Spells: 10/10 levels left

rFire    + . .     SeeInvis .   z - +2 flail (protect)
rCold    . . .     Faith    .   c - +0 kite shield
rNeg     + . .     Spirit   .   B - +0 plate armour {rF+}
rPois    ∞         Reflect  .   u - +0 helmet
rElec    +         Harm     .   n - +2 cloak
rCorr    .         Rampage  .   A - +0 pair of gloves
Will     .....                  (no boots)
Stlth    ..........             k - amulet of regeneration
HPRegen  1.27/turn              N - +6 ring of dexterity
MPRegen  0.12/turn              t - +4 ring of evasion

@: berserking, corroded, under a protective aura, studying Armour, very quick
A: sickness immunity, AC +8, negative energy resistance 1, electricity
resistance, torment resistance 1, petrification resistance
a: Renounce Religion, Berserk, Trog's Hand


You were on level 11 of the Dungeon.
You worshipped Trog.
Trog was most pleased with you.
You visited 2 branches of the dungeon, and saw 12 of its levels.

You collected 1251 gold pieces.

Inventory:

Hand Weapons
 a - a +0 flail
 j - a +7 short sword of flaming
 z - a +2 flail of protection (weapon)
 L - a +0 dire flail
Missiles
 p - 2 throwing nets (quivered)
Armour
 c - a +0 kite shield (worn)
 n - a +2 cloak (worn)
 u - a +0 helmet (worn)
 A - a +0 pair of gloves (worn)
 B - a +0 plate armour of fire resistance (worn)
Jewellery
 e - a +6 ring of strength
 k - an amulet of regeneration (around neck)
 l - a ring of willpower
 t - a +4 ring of evasion (right hand)
 v - a ring of positive energy
 N - a +6 ring of dexterity (left hand)
Wands
 C - a wand of charming (7)
 E - a wand of flame (69)
 F - a wand of paralysis (6)
 H - a wand of polymorph (8)
 J - a wand of digging (8)
Scrolls
 r - 3 scrolls of immolation
 s - a scroll of teleportation
 x - 6 scrolls of enchant armour
 y - a scroll of blinking
 D - 2 scrolls of noise
 M - a scroll of enchant weapon
 O - a scroll of brand weapon
 P - a scroll of magic mapping {unknown}
 Q - a scroll of fog {unknown}
Potions
 b - a potion of attraction
 d - a potion of resistance {unknown}
 f - 3 potions of curing
 h - a potion of haste {unknown}
 i - 2 potions of brilliance
 o - a potion of invisibility {unknown}
 q - 2 potions of flight {unknown}
 w - 5 potions of lignification {unknown}
 G - 2 potions of mutation {unknown}
 I - a potion of heal wounds {unknown}


   Skills:
 + Level 9.4 Fighting
 * Level 11.4 Maces & Flails
 + Level 11.1 Armour
 + Level 9.3 Shields


You had 10 spell levels left.
You didn't know any spells.
Your spell library contained the following spells:

 Spells                   Type           Power      Damage    Failure   Level
 Summon Small Mammal      Summ           0%         N/A       100%        1
 Call Canine Familiar     Summ           0%         N/A       100%        3
 Summon Guardian Golem    Hex/Summ       0%         N/A       100%        3


Dungeon Overview and Level Annotations

Branches:
Dungeon (11/15)            Temple (1/1) D:5            Lair (0/6) D:10
    Orc: D:9-12

Altars:
Ashenzari
Cheibriados
Dithmenos
Elyvilon
Fedhas
Gozag
Hepliaklqana
Kikubaaqudgha
Makhleb
Nemelex Xobeh
Okawaru
Qazlal
Ru
Sif Muna
Trog
Uskayaw
Vehumet
Wu Jian
Xom
Yredelemnul
Zin
The Shining One

Shops:
D:5 !

Annotations:
D:4 3 runed translucent doors, deafmute's ghost, novice HOFi
D:7 2 transporters


Innate Abilities, Weirdness & Mutations

You are immune to sickness and miasma.
Your stone body is resilient. (AC +8)
You are immune to poison.
You resist negative energy. (rN+)
You are resistant to electric shocks. (rElec)
You are resistant to unholy torment.
You are immune to petrification.


Message History

The rust devil hits you. The rust devil corrodes you! The rust devil hits you.
The rust devil corrodes you!
You block the kobold demonologist's attack.
You block the sun demon's attack.
Unknown command.
You thump the kobold demonologist!
The kobold demonologist is heavily wounded.
The rust devil hits you. The rust devil corrodes you!
The rust devil misses you.
The kobold demonologist gestures wildly while chanting.
The sun demon hits you!!
You are engulfed in flames.
You resist.
You hit the kobold demonologist but do no damage.
The kobold demonologist is heavily wounded.
The rust devil barely misses you. The sun demon hits you!
You are engulfed in flames!
You resist. You block the rust devil's attack.
The kobold demonologist closely misses you.
Your plate armour prevents you from hitting the kobold demonologist.
The kobold demonologist is heavily wounded.
The crimson imp hits you. The sun demon hits you!
* * * LOW HITPOINT WARNING * * *
You are engulfed in flames!
You resist.
* * * LOW HITPOINT WARNING * * *
The ufetubus barely misses you.
The ufetubus hits you but does no damage.
You block the rust devil's attack. x2
You block the kobold demonologist's attack.
You feel better. You block the ufetubus's attack.
The ufetubus closely misses you. The sun demon hits you!
* * * LOW HITPOINT WARNING * * *
You are engulfed in flames!
You resist.
* * * LOW HITPOINT WARNING * * *
The crimson imp blinks!
The rust devil barely misses you. x2
You block the kobold demonologist's attack.
The ufetubus barely misses you. The ufetubus misses you.
A red film seems to cover your vision as you go berserk!
You feel yourself moving faster!
You feel mighty! The sun demon barely misses you.
The crimson imp blinks!
The ufetubus barely misses you. You block the ufetubus's attack.
The rust devil closely misses you. The rust devil hits you!
You die...

#.#....#..#.......
#.#....#..#.......
#######.######..#......5
#...............#.......
#...............#.....#
#..............##.....#
#..............#...§..#
...............#§3....#
..............4#@4....#
..............54K5....+
#####.........5########
#..........5.......
#...........K......
####.............K....
#......########4......
#......# ...K...
#......# ...4K..


You could see a sun demon (summoned), 2 rust devils, a kobold demonologist, an
iron imp (summoned), 2 crimson imps and an ufetubus (summoned).

Vanquished Creatures
  Erolcha (D:9)
  A two-headed ogre (D:8)
  3 death yaks (D:10)
  An ugly thing (D:11)
  A manticore (D:9)
  An unseen horror (D:10)
  A kobold demonologist (D:11)
  A troll (D:10)
  Sigmund (D:5)
  A shadow (D:10)
  4 yaks (D:10)
  A steam dragon (D:6)
  2 water moccasins
  Duvessa (D:5)
  4 orc warriors
  An ice beast (D:8)
  A black bear (D:5)
  A necrophage (D:6)
  An ogre (D:5)
  3 centaurs
  A kobold brigand (D:5)
  3 bullfrogs
  A gnoll sergeant (D:8)
  4 scorpions
  Dowan (D:5)
  3 water moccasin skeletons
  8 killer bees
  3 howler monkeys
  12 wights
  A centaur zombie (D:8)
  2 hounds (D:6)
  2 jellies (D:6)
  3 gnoll shamans
  6 orc priests
  2 iguanas
  5 orc wizards
  A howler monkey zombie (D:9)
  17 gnolls
  4 adders
  3 white imps
  2 ufetubi
  An adder skeleton (D:5)
  3 worms
  3 dart slugs
  26 orcs
  4 endoplasms
  6 giant cockroaches
  5 hobgoblins (D:1)
  7 jackals
  3 quokkas
  11 ball pythons
  4 bats
  7 frilled lizards
  5 goblins
  10 kobolds
  7 rats
217 creatures vanquished.

Vanquished Creatures (collateral kills)
  A centaur zombie (D:10)
1 creature vanquished.

Grand Total: 218 creatures vanquished

Notes
Turn   | Place    | Note
-------+----------+-------------------------------------------
     0 | D:1      | Urokeeper the Gargoyle Fighter began the quest for the Orb.
     0 | D:1      | Reached XP level 1. HP: 14/14 MP: 1/1
   164 | D:1      | Reached XP level 2. HP: 19/19 MP: 2/2
   626 | D:1      | Reached XP level 3. HP: 17/23 MP: 3/3
  1530 | D:2      | Reached XP level 4. HP: 29/29 MP: 4/4
  1827 | D:2      | Found a faded altar of an unknown god.
  1827 | D:2      | Noticed a hellwing
  2373 | D:4      | Found a runed translucent gate.
  2373 | D:4      | Found a runed translucent gate.
  2373 | D:4      | Found a runed translucent gate.
  2374 | D:4      | Noticed deafmute's ghost (novice HOFi)
  2375 | D:4      | Noticed a kobold brigand
  2480 | D:4      | Reached XP level 5. HP: 33/33 MP: 5/5
  2534 | D:4      | Found a hazy altar of Hepliaklqana.
  3030 | D:4      | Noticed an ogre
  3057 | D:5      | Entered Level 5 of the Dungeon
  3089 | D:5      | Found a staircase to the Ecumenical Temple.
  3094 | D:5      | Noticed Sigmund
  3101 | Temple   | Entered the Ecumenical Temple
  3307 | Temple   | Became a worshipper of Trog the Wrathful
  3363 | D:5      | Reached XP level 6. HP: 38/38 MP: 6/6
  3370 | D:5      | Killed Sigmund
  3371 | D:5      | Reached XP level 7. HP: 44/44 MP: 7/7
  3508 | D:5      | Noticed Duvessa
  3508 | D:5      | Noticed Dowan
  3535 | D:5      | Killed Duvessa
  3536 | D:5      | Reached skill level 5 in Maces & Flails
  3545 | D:5      | Killed Dowan
  3546 | D:5      | Reached skill level 5 in Fighting
  3546 | D:5      | Reached skill level 5 in Armour
  3589 | D:5      | Reached skill level 5 in Shields
  3710 | D:5      | Reached XP level 8. HP: 49/49 MP: 8/8
  3809 | D:5      | Found Giups's Distillery.
  4360 | D:6      | Reached * piety under Trog
  4692 | D:6      | Reached XP level 9. HP: 56/56 MP: 9/9
  4815 | D:6      | Found a sacrificial altar of Ru.
  5193 | D:7      | Noticed a kobold demonologist
  5196 | D:7      | Found a transporter.
  5200 | D:7      | Found a transporter.
  5544 | D:7      | You fall into a shaft and drop 3 floors!
  5544 | D:10     | Entered Level 10 of the Dungeon
  5544 | D:10     | Noticed a death yak
  5565 | D:10     | Identified 2 scrolls of acquirement
  5565 | D:10     | Acquired a manual of Armour
  5575 | D:10     | Noticed a death yak
  5760 | D:8      | Reached ** piety under Trog
  6503 | D:8      | Reached XP level 10. HP: 56/63 MP: 10/10
  6524 | D:8      | Found a shadowy altar of Dithmenos.
  6589 | D:8      | Noticed a two-headed ogre
  6601 | D:8      | Killed a two-headed ogre
  6694 | D:8      | Found a snail-covered altar of Cheibriados.
  6899 | D:9      | Noticed Erolcha
  6920 | D:9      | Killed Erolcha
  6972 | D:9      | Found a stormy altar of Qazlal.
  7161 | D:9      | Found a basalt altar of Yredelemnul.
  7288 | D:9      | Reached skill level 10 in Maces & Flails
  7308 | D:9      | Acquired 583 gold pieces
  7492 | D:9      | Noticed a manticore
  7502 | D:9      | Killed a manticore
  7729 | D:10     | Found a radiant altar of Vehumet.
  7854 | D:10     | Killed an unseen horror
  7930 | D:10     | Noticed a death yak
  7952 | D:10     | Killed a death yak
  7953 | D:10     | Reached skill level 10 in Armour
  7953 | D:10     | Reached XP level 11. HP: 69/69 MP: 11/11
  7985 | D:10     | Found a staircase to the Lair.
  7998 | D:10     | Killed a death yak
  8015 | D:10     | Killed a death yak
  8015 | D:10     | Reached *** piety under Trog
  8652 | D:11     | Noticed a white ugly thing
  8670 | D:11     | Killed a white ugly thing
  8761 | D:11     | Noticed a sun demon
  8766 | D:11     | HP: 1/71 [sun demon[a kobold demonologist] (8)]
  8767 | D:11     | Slain by a rust devil

Illustrated notes

Levels and vault maps discovered:
D:1:      minmay_arrival_five_plusses, layout_loops_corners
D:2:      layout_basic, dreamdust_ecumenical_altar_sealed_demon,
          minmay_misc_feat_columns, st_stairs_2
D:3:      layout_basic
D:4:      layout_gridville, mainiacjoe_overflow_tiny_flanked,
          gammafunk_ghost_nasty_kobolds, kennysheep_dice
D:5:      minmay_spotlight, layout_basic, minmay_temple_entry_stoned_glass,
          serial_shops, shop, uniq_sigmund, uniq_duvessa
D:6:      layout_loops_ring, mainiacjoe_overflow_brackets,
          minmay_misc_feat_roman
D:7:      gammafunk_wand_slinger, layout_basic
D:8:      layout_loops_cross, mainiacjoe_overflow_concentric_impassable,
          slow_altar_1
D:9:      layout_stronghold, yredelemnul_altar_generic, grunt_qazlal_clouds,
          uniq_erolcha
D:10:     layout_irregular_city, mainiacjoe_overflow_catwalk,
          dpeg_lair_monsters, lemuel_flamethrower_1
D:11:     minmay_the_grid_triangle_9x9_rhombus_thin
          [minmay_the_grid_triangle_9x9_negative_grid,
          minmay_the_grid_triangle_9x9_prize_center,
          minmay_the_grid_triangle_9x9_pentomino_pain,
          minmay_the_grid_triangle_9x9_longest], layout_irregular_city,
          david_orc_4, serial_column_ruins, column_ruins_grid_3,
          column_ruins_columns_corner, column_ruins_open_small,
          column_ruins_grid_1
Temple:   regret_index_temple_generic_petals

Skill      XL: |  1  2  3  4  5  6  7  8  9 10 11 |
---------------+----------------------------------+-----
Maces & Flails | 3 4 5 7 9 10 11 | 11.4
Fighting       | 4 5 6 7 8 9 |  9.4
Armour         | 4 5 6 8 10 11 | 11.1
Shields        | 4 5 6 7 8 9 |  9.3

Action                   |  1- 3 |  4- 6 |  7- 9 | 10-12 || total
-------------------------+-------+-------+-------+-------++-------
Melee: Flail             |   155 |   112 |   372 |   292 ||   931
       Unarmed           |       |       |     7 |       ||     7
Throw: Throwing net      |       |       |       |     2 ||     2
Invok: Berserk           |       |       |     6 |     8 ||    14
  Use: Potion            |       |     5 |       |     2 ||     7
       Scroll            |       |     2 |     8 |     6 ||    16
Armor: Scale mail        |    84 |    52 |    20 |       ||   156
       Plate armour      |       |       |   205 |   227 ||   432
Dodge: Dodged            |    45 |    42 |   155 |    96 ||   338
Block: Kite shield       |    90 |    66 |   255 |   183 ||   594
